[Event "Tuesday 17 April Rapid Engine Tour 12+1 Rounds 9 Starts 1600ST"]
[Site "Infinity Chess"]
[Date "2018.4.17"]
[Round "6"]
[White "hafaba"]
[Black "Mr Aj"]
[Result "1-0 "]
[ECO "C55"]
[WhiteElo "2473"]
[BlackElo "2455"]
[WhiteEngine "Eman 1.70-beta21 64-bit POPCNT_CTG"]
[BlackEngine "Houdini 6_CTG"]
[EventType "Swiss"]
[WhiteTeam ""]
[BlackTeam ""]
[PlyCount "201"]
[TimeControl "720+1"]

1. e4 e5 2. Nf3 Nc6 3. Bc4 Nf6 4. d3 Bc5 5. c3 d6 6. O-O h6 7. b4 Bb6 8. a4 a5 
9. b5 Ne7 10. Be3 Bxe3 11. fxe3 Ng6 12. Bb3 O-O 13. c4 Bd7 14. Nc3 c6 
15. Rc1 Qb6 16. Qe2 Bg4 17. Qf2 Be6 18. h3 Qd8 19. Qe2 Nd7 20. Qf2 Rc8 
21. Qg3 Kh7 22. Bd1 Nf6 23. Kh2 Re8 24. Nd2 Qb6 25. Be2 Qd8 26. Bf3 Bd7 
27. Be2 Be6 28. Bf3 Rb8 29. Rb1 Rc8 30. Rbd1 Qb6 31. Be2 Rg8 32. Rb1 Qd8 
33. Rf2 Qc7 34. Kg1 Kh8 35. d4 c5 36. d5 Bd7 37. Nf3 Nh7 38. Nh2 Be8 39. Qg4 Qd8 
40. Bd3 Bd7 41. Qh5 Nf6 42. Qe2 b6 43. Rbf1 Nf8 44. Qf3 Rc7 45. g4 Rc8 
46. Qg3 N8h7 47. Rg2 g6 48. Kf2 h5 49. g5 Ne8 50. Be2 f6 51. h4 fxg5 
52. hxg5 Rf8+ 53. Bf3 Rc7 54. Ke1 Bc8 55. Nd1 Rg7 56. Nf2 Kg8 57. Qh4 Rff7 
58. Be2 Kf8 59. Rfg1 Rb7 60. Nf3 Kg8 61. Qh2 Nf8 62. Qg3 Rgf7 63. Rh2 Rbe7 
64. Nh4 Ng7 65. Kd2 Qd7 66. Kc1 Qc7 67. Bf3 Qd8 68. Nd3 Bd7 69. Kb1 Bc8 
70. Kb2 Qe8 71. Rf2 Qd7 72. Rh1 Qd8 73. Kb1 Rb7 74. Rfh2 Rbc7 75. Kc1 Qd7 
76. Be2 Qe8 77. Rg1 Qd8 78. Kb2 Rb7 79. Kb1 Rbe7 80. Nc1 Bd7 81. Nb3 Bc8 
82. Nc1 Bd7 83. Kc2 Bc8 84. Kb2 Qd7 85. Kc2 Qd8 86. Rgh1 Rb7 87. Nb3 Ra7 
88. Kb1 Qe7 89. Nd2 Qd8 90. Nb3 Qe7 91. Nd2 Qd8 92. Kc1 Rab7 93. Kb2 Ra7 
94. Nb3 Bd7 95. Bd1 Rb7 96. Nxg6 Nxg6 97. Bxh5 Nxh5 98. Rxh5 Qf8 99. Nd2 Rf2 
100. Rh6 Be8 101. Kc1 1-0

[Event "Tuesday 17 April Rapid Engine Tour 12+1 Rounds 9 Starts 1600ST"]
[Site "Infinity Chess"]
[Date "2018.4.17"]
[Round "6"]
[White "ludimilojko"]
[Black "OlivierEvan"]
[Result "0-1"]
[ECO "A58"]
[WhiteElo "2310"]
[BlackElo "2350"]
[WhiteEngine "S_XPrO.180318a.64_CTG"]
[BlackEngine "Houdini 6"]
[EventType "Swiss"]
[WhiteTeam ""]
[BlackTeam ""]
[PlyCount "252"]
[TimeControl "720+1"]

1. d4 Nf6 2. c4 c5 3. d5 b5 4. cxb5 a6 5. bxa6 e6 6. Nc3 exd5 7. Nxd5 Be7 
8. Nxe7 Qxe7 9. Bf4 d5 10. e3 O-O 11. Nf3 h6 12. a3 Nxa6 13. Bd3 c4 14. Bc2 Bg4 
15. O-O Nc5 16. Bg3 Rfd8 17. h3 Bh5 18. Bh4 Ra6 19. a4 Qb7 20. Qd4 Ne6 
21. Qc3 Bxf3 22. gxf3 Qc8 23. Bxf6 d4 24. Qd2 Rd5 25. Be4 Rh5 26. f4 Nxf4 
27. exf4 Qxh3 28. f3 Rxf6 29. Kf2 Qh4+ 30. Ke2 d3+ 31. Kd1 Rxf4 32. Qc3 Qh2 
33. Kc1 Re5 34. Rd1 f5 35. Bc6 Re2 36. Kb1 Rc2 37. Qa3 Rd4 38. Ka2 Qe5 
39. Rab1 d2 40. f4 Qf6 41. Bb5 Kh7 42. Qb4 Rd3 43. Bxc4 Rd4 44. Kb3 Rcxc4 
45. Qxc4 Rxc4 46. Kxc4 Qc6+ 47. Kb4 Qb7+ 48. Kc4 Qc7+ 49. Kb3 g5 50. Rxd2 Qb6+ 
51. Ka2 Qb4 52. Rd7+ Kg6 53. b3 Qxf4 54. Rbd1 Qf2+ 55. R1d2 Qc5 56. R7d5 Qg1 
57. a5 f4 58. Rd6+ Kh5 59. a6 f3 60. Rf6 Qc5 61. Rd7 Qa5+ 62. Kb1 Qc3 
63. Rdf7 Qxb3+ 64. Kc1 Qa3+ 65. Kb1 g4 66. a7 Kg5 67. Kc2 h5 68. Rf5+ Kh4 
69. Rh7 Kg3 70. Rfxh5 Qa4+ 71. Kc3 Qe8 72. Kd4 Qf8 73. Rh2 f2 74. Rh1 Qa3 
75. Ke4 Qf3+ 76. Kd4 Qc6 77. Ke3 Qd5 78. Ke2 Qe4+ 79. Kd2 Kf3 80. Rf7+ Kg2 
81. Rc1 Qd5+ 82. Ke3 Qe6+ 83. Kd4 Qxf7 84. a8=Q+ Qf3 85. Qc8 f1=Q 86. Rxf1 Kxf1 
87. Qc1+ Kg2 88. Kc5 Qf6 89. Kb4 g3 90. Qc2+ Kh3 91. Qc8+ Kh2 92. Qc7 Qf5 
93. Qd6 Kh3 94. Qh6+ Kg4 95. Qc6 Qf4+ 96. Kb5 Kg5 97. Qa8 Qe5+ 98. Kc4 Qe2+ 
99. Kb4 g2 100. Qg8+ Kf4 101. Qf7+ Kg3 102. Qc7+ Kf2 103. Qf4+ Qf3 104. Qd2+ Kg3 
105. Qe1+ Kh3 106. Qg1 Qe4+ 107. Kc5 Kg3 108. Kd6 Qf4+ 109. Kd7 Qf2 
110. Qa1 g1=Q 111. Qg7+ Kh3 112. Qh7+ Qh4 113. Qd3+ Kh2 114. Qe2+ Qgf2 
115. Qe5+ Qhg3 116. Qh8+ Qh3+ 117. Qxh3+ Kxh3 118. Kd6 Qe1 119. Kd5 Qc3 
120. Ke6 Qc4+ 121. Kf5 Qe2 122. Kg5 Qe6 123. Kf4 Kg2 124. Kg5 Kf3 125. Kh5 Kf4 
126. Kh4 Qg4# 0-1

[Event "Tuesday 17 April Rapid Engine Tour 12+1 Rounds 9 Starts 1600ST"]
[Site "Infinity Chess"]
[Date "2018.4.17"]
[Round "6"]
[White "HerzsjeMZ"]
[Black "angriff"]
[Result "1/2-1/2"]
[ECO "A22"]
[WhiteElo "2426"]
[BlackElo "2387"]
[WhiteEngine "S_XPrO.020418.64.POPCNT_CTG"]
[BlackEngine "DracoREX 3.07 64BIT POPCNT_CTG"]
[EventType "Swiss"]
[WhiteTeam ""]
[BlackTeam ""]
[PlyCount "119"]
[TimeControl "720+1"]

1. c4 e5 2. Nc3 Nf6 3. g3 Bb4 4. Nf3 e4 5. Nd4 Nc6 6. Nc2 Bxc3 7. dxc3 h6 
8. Ne3 d6 9. Qc2 O-O 10. Bg2 Re8 11. O-O b6 12. b3 a5 13. a4 Bb7 14. Rd1 Ne7 
15. b4 Qc8 16. c5 dxc5 17. bxc5 bxc5 18. Ba3 Nf5 19. Bxc5 Nxe3 20. Bxe3 Ng4 
21. Bh3 Nxe3 22. Bxc8 Nxc2 23. Bxb7 Nxa1 24. Bxa8 Rxa8 25. Rxa1 Rb8 26. Rd1 c5 
27. Rd5 Rb1+ 28. Kg2 Ra1 29. Rxc5 Rxa4 30. e3 Kf8 31. Rc7 Ra1 32. Ra7 a4 
33. c4 a3 34. c5 Ke8 35. Kh3 Ra2 36. c6 Kd8 37. Rxf7 Rd2 38. Rxg7 a2 
39. Ra7 Rxf2 40. g4 Kc8 41. Kg3 Re2 42. Kf4 Kb8 43. Ra6 Rxh2 44. Kxe4 Kc7 
45. Kf3 Kd6 46. Ke4 Rd2 47. Kf4 Rc2 48. Ke4 Rg2 49. Kf5 Re2 50. Ke4 Kc7 
51. Kd3 Rb2 52. e4 Rf2 53. Ke3 Rh2 54. Kd4 h5 55. gxh5 Rxh5 56. e5 a1=Q+ 
57. Rxa1 Kxc6 58. Ra6+ Kd7 59. Kd5 Rh2 60. Ra7+ 1/2-1/2

[Event "Tuesday 17 April Rapid Engine Tour 12+1 Rounds 9 Starts 1600ST"]
[Site "Infinity Chess"]
[Date "2018.4.17"]
[Round "6"]
[White "Seliga"]
[Black "SkyPilot"]
[Result "1-0"]
[ECO "E60"]
[WhiteElo "2469"]
[BlackElo "2473"]
[WhiteEngine "AsmFish@A12_CTG"]
[BlackEngine "stockfish_x64_bmi2_2018_04_07_CTG"]
[EventType "Swiss"]
[WhiteTeam ""]
[BlackTeam ""]
[PlyCount "185"]
[TimeControl "720+1"]

1. d4 Nf6 2. c4 g6 3. Nf3 d6 4. Nc3 Bg7 5. g3 c6 6. Bg2 Nbd7 7. O-O O-O 8. e4 e5 
9. b3 a5 10. Ba3 exd4 11. Nxd4 Qc7 12. Qd2 Re8 13. Rae1 a4 14. Nxa4 Nb6 
15. Nxb6 Rxa3 16. Na4 Nd7 17. Qb2 Rxa4 18. bxa4 Qa5 19. Rd1 Nb6 20. Qc2 Qc5 
21. Nf3 Nxc4 22. Qb3 Bf8 23. Rfe1 Na5 24. Qb1 Be6 25. Nd4 Bd7 26. Bf1 Bg4 
27. Be2 Bc8 28. Qd3 Bg7 29. Nf3 Bf8 30. Nd4 Bd7 31. Kg2 Bc8 32. a3 Bd7 
33. Rb1 Ra8 34. Nb3 Nxb3 35. Qxb3 Ra7 36. Rbc1 Qa5 37. Bc4 Be8 38. Rb1 Bg7 
39. Qd3 Qc7 40. Qd1 Qd8 41. h4 Qe7 42. Rb3 Qe5 43. Rd3 Bf8 44. Rf3 b6 
45. Qb1 Rb7 46. Rd1 Qc5 47. Ba2 Ra7 48. Rc1 Qa5 49. h5 Bg7 50. Rd1 Qc5 
51. Bb3 Bf8 52. hxg6 hxg6 53. Qd3 Qg5 54. Qd4 c5 55. Qd3 Qe5 56. Rb1 Be7 
57. Bd5 Bd8 58. Qe3 Rxa4 59. Qh6 Qh5 60. Qf4 Qxd5 61. exd5 Rxf4 62. Rxf4 b5 
63. Re4 Kf8 64. Rxe8+ Kxe8 65. Rxb5 c4 66. Rb4 c3 67. Rc4 Ba5 68. Kf3 Kd7 
69. Rc6 Ke7 70. Ke4 Kd7 71. Kd3 Ke7 72. Kc2 Kf6 73. Ra6 Bc7 74. Kxc3 Kf5 
75. a4 g5 76. a5 Ke5 77. Kc4 f5 78. Rb6 Bd8 79. Rb5 Bxa5 80. Rxa5 f4 81. g4 Ke4 
82. Ra3 f3 83. Ra6 Ke5 84. Rc6 Kf4 85. Rxd6 Kxg4 86. Rh6 Kf5 87. d6 g4 88. d7 g3 
89. d8=Q gxf2 90. Qd5+ Kg4 91. Rg6+ Kh4 92. Qg5+ Kh3 93. Rh6# 1-0

[Event "Tuesday 17 April Rapid Engine Tour 12+1 Rounds 9 Starts 1600ST"]
[Site "Infinity Chess"]
[Date "2018.4.17"]
[Round "6"]
[White "Katzenmaier"]
[Black "RonWeasley"]
[Result "1/2-1/2"]
[ECO "A15"]
[WhiteElo "2494"]
[BlackElo "2469"]
[WhiteEngine "Raubfisch X38a."]
[BlackEngine "BrainFish 090218_CTG"]
[EventType "Swiss"]
[WhiteTeam ""]
[BlackTeam ""]
[PlyCount "120"]
[TimeControl "720+1"]

1. c4 Nf6 2. d4 e6 3. Nf3 d5 4. cxd5 exd5 5. Nc3 c6 6. Qc2 g6 7. Bg5 Be7 
8. e3 Bf5 9. Bd3 Bxd3 10. Qxd3 O-O 11. O-O Nbd7 12. Nd2 Re8 13. Rfe1 Kg7 
14. Rad1 Rc8 15. h3 Qc7 16. Rc1 a6 17. Bf4 Bd6 18. Ne2 Nf8 19. b4 Qe7 
20. Bxd6 Qxd6 21. Rb1 N8d7 22. Nc3 Qe7 23. Na4 b6 24. Rec1 h5 25. Qc2 Rc7 
26. a3 Rec8 27. Nb3 Ne4 28. Qe2 Ra7 29. Ra1 Raa8 30. Rc2 Rab8 31. Qe1 a5 
32. bxa5 c5 33. dxc5 bxc5 34. Nd2 Nef6 35. e4 Re8 36. Qc1 Nxe4 37. Nxe4 dxe4 
38. Rb2 Rxb2 39. Qxb2+ Kg8 40. Re1 Qd6 41. Nc3 Nf6 42. a4 Re6 43. Rb1 Kg7 
44. Nd1 Qd4 45. Ne3 Qxa4 46. Qc3 Qd4 47. Qa3 Ra6 48. Rb6 Ra7 49. Rc6 Qb4 
50. Qa1 Qd4 51. Qa2 Nd7 52. a6 Qd3 53. Qa1+ Kh7 54. Qa2 Kg7 55. Qa1+ Kh7 
56. Qa5 Qb1+ 57. Nf1 Qb8 58. Ne3 Qb1+ 59. Nf1 Qb8 60. Ne3 Qb1+ 1/2-1/2

[Event "Tuesday 17 April Rapid Engine Tour 12+1 Rounds 9 Starts 1600ST"]
[Site "Infinity Chess"]
[Date "2018.4.17"]
[Round "6"]
[White "ocirema"]
[Black "MarioDeMonti"]
[Result "1/2-1/2"]
[ECO "C55"]
[WhiteElo "2481"]
[BlackElo "2445"]
[WhiteEngine "asmFishW_2018-04-11_popcnt_CTG"]
[BlackEngine "stockfish_x64_bmi2_2018_02_18_CTG"]
[EventType "Swiss"]
[WhiteTeam ""]
[BlackTeam ""]
[PlyCount "148"]
[TimeControl "720+1"]

1. e4 e5 2. Nf3 Nc6 3. Bc4 Nf6 4. d3 Bc5 5. O-O d6 6. c3 O-O 7. Bg5 h6 8. Bh4 a6 
9. a4 g5 10. Bg3 Bg4 11. h3 Bc8 12. d4 Ba7 13. Re1 exd4 14. Nxd4 Bd7 
15. Nxc6 Bxc6 16. Nd2 Nd7 17. b4 Ne5 18. b5 Bd7 19. bxa6 bxa6 20. Bd5 c6 
21. Ba2 Qf6 22. Qe2 Rfb8 23. Nb3 Bb6 24. Nd4 Ba5 25. Qc2 Bc7 26. Re3 Re8 
27. Qd2 Bb6 28. Rf1 c5 29. Nf3 Be6 30. Qxd6 Qd8 31. Bxe5 Qxd6 32. Bxd6 Bxa2 
33. a5 Ba7 34. e5 Be6 35. Nd2 c4 36. Re2 Bf5 37. Ne4 Bxe4 38. Rxe4 Rac8 
39. Rd1 Bc5 40. g3 Re6 41. Kg2 Bxd6 42. Rxd6 Rc5 43. f4 gxf4 44. gxf4 Rxd6 
45. exd6 Rd5 46. Rxc4 Rxd6 47. Rc8+ Kg7 48. c4 h5 49. c5 Rd3 50. Rc6 Rc3 
51. h4 f6 52. f5 Kf7 53. Rxa6 Rxc5 54. Ra7+ Kf8 55. a6 Rc6 56. Rb7 Rxa6 
57. Rh7 Ra2+ 58. Kg3 Ra1 59. Rh8+ Ke7 60. Rxh5 Ra3+ 61. Kf2 Ra2+ 62. Kf3 Ra1 
63. Rh8 Ra4 64. h5 Ra3+ 65. Ke2 Kf7 66. h6 Rh3 67. h7 Rh1 68. Ra8 Kg7 
69. Ra7+ Kh8 70. Ra6 Rh4 71. Ra1 Kxh7 72. Kd3 Rh2 73. Rb1 Ra2 74. Ke4 Re2+ 
1/2-1/2

[Event "Tuesday 17 April Rapid Engine Tour 12+1 Rounds 9 Starts 1600ST"]
[Site "Infinity Chess"]
[Date "2018.4.17"]
[Round "6"]
[White "Marsell"]
[Black "Thinker"]
[Result "1/2-1/2 "]
[ECO "C53"]
[WhiteElo "2467"]
[BlackElo "2453"]
[WhiteEngine "BrainFish_180408_x64_bmi2"]
[BlackEngine "BrainFish_180411_x64_modern_CTG"]
[EventType "Swiss"]
[WhiteTeam ""]
[BlackTeam ""]
[PlyCount "279"]
[TimeControl "720+1"]

1. e4 e5 2. Nf3 Nc6 3. Bc4 Bc5 4. c3 Nf6 5. d3 O-O 6. O-O d6 7. h3 a6 8. Re1 Ba7 
9. Bb3 h6 10. Nbd2 Be6 11. Nf1 Re8 12. Bc2 d5 13. Qe2 b5 14. Bd2 Qd7 15. Ng3 d4 
16. a4 Bc5 17. Rec1 Qd6 18. Nh4 Ne7 19. Qe1 Bb6 20. Nf3 Nc6 21. Rab1 Red8 
22. b4 dxc3 23. Bxc3 Rac8 24. Qd2 Nh7 25. a5 Ba7 26. Ba1 f6 27. Nf5 Bxf5 
28. exf5 Nf8 29. Qe1 Kh8 30. Bd1 Qxd3 31. Bc2 Qd7 32. Be4 Ne7 33. Rd1 Qe8 
34. Rxd8 Rxd8 35. Rc1 c6 36. Bc3 Nh7 37. h4 Qh5 38. Qe2 Nf8 39. Qc2 Rd6 
40. Re1 Nd7 41. Rd1 Nd5 42. Be1 Kh7 43. Rc1 Nb8 44. g3 Nd7 45. Qd1 Qe8 
46. Qd2 Kh8 47. Qd3 Nb8 48. Nd2 Qd7 49. Qb3 Ne7 50. Nf3 Nxf5 51. Kg2 Nd4 
52. Nxd4 Rxd4 53. Qf3 Qe6 54. Rc2 Rd8 55. Qh5 Bd4 56. Qg6 Kg8 57. Qh7+ Kf8 
58. Bd2 Qg8 59. Qf5 Ke7 60. Qf3 Rd7 61. h5 Qf7 62. Bc1 Rd6 63. Qf5 Kd8 
64. Qh7 Rd7 65. Bd2 Kc7 66. Bg6 Qd5+ 67. Be4 Qd6 68. Bf5 Re7 69. Qg6 Kb7 
70. Be1 Qd5+ 71. Be4 Qf7 72. Qg4 Rc7 73. Kf1 Rd7 74. Qf3 Rd6 75. Ke2 Qc7 
76. Qg4 Qd7 77. Qf3 Qe6 78. Bf5 Qd5 79. Be4 Qf7 80. Rc1 Qa2+ 81. Rc2 Qe6 
82. Bf5 Qe8 83. Be4 Ba7 84. Kf1 Qe6 85. Bf5 Qf7 86. Be4 Qe6 87. Bf5 Qe7 
88. Be4 Qc7 89. Qg4 Qd7 90. Qf3 Qh3+ 91. Kg1 Qe6 92. Bd2 Qd7 93. Bf5 Qd8 
94. Qe2 Nd7 95. Qf3 Qc7 96. Kg2 Nf8 97. Be3 Ne6 98. Bxa7 Kxa7 99. Bxe6 Rxe6 
100. Qe3+ Kb7 101. Rd2 f5 102. Kf1 Rf6 103. Rd3 g5 104. hxg6 Rxg6 105. Qd2 Kc8 
106. Qe3 Kb7 107. Qd2 Kc8 108. Qe3 Rf6 109. Kg2 Re6 110. Kg1 Kb7 111. Qd2 Kc8 
112. Qe3 Rf6 113. Kg2 Rd6 114. Rc3 Re6 115. Rd3 Rf6 116. Rd1 Kb7 117. Qc5 f4 
118. Re1 fxg3 119. fxg3 Re6 120. Rf1 Rd6 121. Rf5 Rd2+ 122. Kf1 e4 123. g4 Qd8 
124. Rf7+ Rd7 125. Rxd7+ Qxd7 126. Kf2 Kc8 127. Qf8+ Kb7 128. Qc5 Qd2+ 
129. Kg3 Qd8 130. Kh3 Kc7 131. Qb6+ Kd7 132. Qd4+ Kc8 133. Qxe4 Qd7 134. Kh4 Kb7 
135. Kg3 Qd6+ 136. Kf2 Kc8 137. Kf1 Kd7 138. Kg1 c5 139. Qb7+ Qc7 140. Qd5+ 
1/2-1/2

[Event "Tuesday 17 April Rapid Engine Tour 12+1 Rounds 9 Starts 1600ST"]
[Site "Infinity Chess"]
[Date "2018.4.17"]
[Round "6"]
[White "Murx"]
[Black "Longin"]
[Result "1/2-1/2"]
[ECO "C53"]
[WhiteElo "2518"]
[BlackElo "2482"]
[WhiteEngine "asmFishW_2018-04-07_popcnt"]
[BlackEngine "Raubfisch ME262_GTZ17b_CTG"]
[EventType "Swiss"]
[WhiteTeam ""]
[BlackTeam ""]
[PlyCount "78"]
[TimeControl "720+1"]

1. e4 e5 2. Nf3 Nc6 3. Bc4 Bc5 4. c3 Nf6 5. d3 d6 6. O-O O-O 7. Bg5 a5 8. a4 h6 
9. Bh4 g5 10. Bg3 Ba7 11. Na3 Ne7 12. Re1 Nh5 13. Nc2 Nf4 14. d4 Neg6 
15. dxe5 Nxe5 16. Nxe5 dxe5 17. Ne3 Bxe3 18. fxe3 Ng6 19. b4 Qe7 20. Qb3 Kg7 
21. Rf1 h5 22. Be1 h4 23. Ra2 h3 24. Raf2 f6 25. g3 Bd7 26. b5 Be8 27. Be2 c5 
28. Bc4 b6 29. Bd5 Rd8 30. c4 Qc7 31. Qd1 Qc8 32. Bc3 Bd7 33. Qe1 Qc7 
34. Qe2 Qc8 35. Qb2 Qb8 36. Qe2 Qc7 37. Qd1 Qc8 38. Qe1 Qc7 39. Qd1 Qc8 1/2-1/2

[Event "Tuesday 17 April Rapid Engine Tour 12+1 Rounds 9 Starts 1600ST"]
[Site "Infinity Chess"]
[Date "2018.4.17"]
[Round "6"]
[White "CrapCleaner"]
[Black "Susanne"]
[Result "1/2-1/2"]
[ECO "B30"]
[WhiteElo "2489"]
[BlackElo "2536"]
[WhiteEngine "Raubfisch X38b_CTG"]
[BlackEngine "asmFishW_IX_bmi2_CTG"]
[EventType "Swiss"]
[WhiteTeam ""]
[BlackTeam ""]
[PlyCount "98"]
[TimeControl "720+1"]

1. e4 c5 2. Nf3 Nc6 3. Nc3 g6 4. d4 cxd4 5. Nxd4 Bg7 6. Be3 Nf6 7. Bc4 O-O 
8. Bb3 d6 9. f3 Qa5 10. O-O Qc7 11. Qd2 a6 12. Kh1 Na5 13. Bh6 e5 14. Nde2 b5 
15. Bxg7 Kxg7 16. Ng3 Be6 17. Rfd1 Nxb3 18. cxb3 Rad8 19. Qg5 Ng8 20. Rac1 h6 
21. Qe3 Qb8 22. b4 Nf6 23. h3 Rc8 24. Rd2 Rfd8 25. Rcd1 Rc6 26. f4 d5 
27. fxe5 Qxe5 28. Nf1 Rxc3 29. bxc3 Nxe4 30. Rc2 Rc8 31. Rd3 Bf5 32. Kg1 Qf6 
33. g4 Be6 34. Ng3 Rc4 35. Nxe4 Rxe4 36. Qf3 Qe5 37. Rcd2 Qg5 38. Re2 f5 
39. Qf2 h5 40. Rxe4 dxe4 41. Rd6 Qc1+ 42. Qf1 Qe3+ 43. Kg2 fxg4 44. Rxe6 Qxh3+ 
45. Kg1 Qg3+ 46. Kh1 Qh4+ 47. Kg1 Qg3+ 48. Kh1 Qh4+ 49. Kg1 Qg3+ 1/2-1/2

[Event "Tuesday 17 April Rapid Engine Tour 12+1 Rounds 9 Starts 1600ST"]
[Site "Infinity Chess"]
[Date "2018.4.17"]
[Round "5"]
[White "angriff"]
[Black "Deep_Impact"]
[Result "1/2-1/2"]
[ECO "B90"]
[WhiteElo "2387"]
[BlackElo "2386"]
[WhiteEngine "DracoREX 3.07 64BIT POPCNT_CTG"]
[BlackEngine "BrainFish_180411_x64_bmi2"]
[EventType "Swiss"]
[WhiteTeam ""]
[BlackTeam ""]
[PlyCount "165"]
[TimeControl "720+1"]

1. e4 c5 2. Nf3 d6 3. d4 cxd4 4. Nxd4 Nf6 5. Nc3 a6 6. Be3 e6 7. f3 b5 
8. Qd2 Nbd7 9. g4 h6 10. O-O-O Bb7 11. a3 Rc8 12. h4 d5 13. Rg1 dxe4 14. g5 hxg5 
15. hxg5 Nd5 16. Nxe4 Qb6 17. g6 f6 18. b4 Nxe3 19. Qxe3 e5 20. Nf5 Qxe3+ 
21. Nxe3 Bxe4 22. fxe4 Nb6 23. Rd3 Rh4 24. Rg3 Rxe4 25. Bg2 Rd4 26. Rxd4 exd4 
27. Nf5 Rc3 28. Rxc3 dxc3 29. Kb1 Nc4 30. Ka2 Nd6 31. Nxd6+ Bxd6 32. Bb7 Kd7 
33. Bxa6 Kc6 34. Bc8 Be5 35. Kb3 Bd4 36. Bg4 Be5 37. Bf3+ Kd7 38. Bg4+ Kc6 
39. Bf3+ Kb6 40. Be4 Kc7 41. Ka2 Bd4 42. Kb3 Kd6 43. Ka2 Be3 44. Kb3 Bd4 
45. Ka2 Bg1 46. Bf5 Bd4 47. Bd3 Kc6 48. Kb3 Be5 49. Be4+ Kd6 50. Bf5 Kc6 
51. Be4+ Kd6 52. Bd3 Kc6 53. Bf5 Bd4 54. Be6 Be5 55. Bh3 Bd4 56. Bf5 Be5 
57. Bg4 Kc7 58. Bh3 Bd4 59. Bf5 Kd6 60. Bg4 Kc7 61. Bf5 Kc6 62. Bh3 Be5 
63. Bg2+ Kd7 64. Bh3+ Kc6 65. Bg4 Kc7 66. Ka2 Kd6 67. Bh3 Bd4 68. Bg4 Kc6 
69. Bf5 Bg1 70. Kb1 Bf2 71. Be4+ Kd6 72. Bd3 Kc6 73. Kc1 Be3+ 74. Kd1 Kb6 
75. Be4 Bf4 76. Bg2 Kc7 77. Bf1 Kc6 78. Bh3 Bd2 79. Bc8 Bh6 80. Be6 Bd2 
81. Bf5 Kd6 82. Bd3 Kc6 83. Bc4 1/2-1/2

[Event "Tuesday 17 April Rapid Engine Tour 12+1 Rounds 9 Starts 1600ST"]
[Site "Infinity Chess"]
[Date "2018.4.17"]
[Round "5"]
[White "star99"]
[Black "ludimilojko"]
[Result "1/2-1/2"]
[ECO "D30"]
[WhiteElo "2428"]
[BlackElo "2305"]
[WhiteEngine "Cryptic Heroes 9.4B"]
[BlackEngine "S_XPrO.180318a.64_CTG"]
[EventType "Swiss"]
[WhiteTeam ""]
[BlackTeam ""]
[PlyCount "138"]
[TimeControl "720+1"]

1. d4 d5 2. c4 e6 3. Nf3 Nf6 4. Nc3 c6 5. Bg5 h6 6. Bxf6 Qxf6 7. e3 Nd7 
8. Bd3 dxc4 9. Bxc4 g6 10. Qc2 Bg7 11. Rd1 O-O 12. Bb3 Qe7 13. Ne4 a5 
14. O-O Nf6 15. Nxf6+ Bxf6 16. Ne5 Rd8 17. f4 Bd7 18. Qc3 Be8 19. Rc1 Rdc8 
20. Bd1 c5 21. dxc5 b6 22. Qa3 Rab8 23. Rf2 bxc5 24. Ba4 Bxa4 25. Qxa4 Qa7 
26. Nc4 Rb4 27. Qc2 Rcb8 28. a3 Rb3 29. Rd2 Qa8 30. Rb1 a4 31. h3 R3b7 
32. Kf1 Bg7 33. Rd6 h5 34. Kg1 Rb3 35. Rd2 Kh7 36. Rd7 Kg8 37. Kh2 Qc6 
38. Rd6 Qa8 39. Rbd1 Bxb2 40. Rxe6 Bg7 41. Re7 Re8 42. Rxe8+ Qxe8 43. Rd3 Rxd3 
44. Qxd3 Qe6 45. Kg3 Bf6 46. Qc2 Qd7 47. Kh2 Qc6 48. Qd1 h4 49. Qc2 Qb5 
50. Nd6 Qd7 51. Ne4 Qc6 52. Qc4 Bb2 53. Ng5 Qd7 54. Qxc5 Qb7 55. Qc4 Qb3 
56. Qc8+ Kg7 57. Qc7 Bf6 58. Qc5 Qd3 59. Kg1 Qb3 60. Kf2 Qd3 61. Kg1 Qb3 
62. Kf2 Bb2 63. Ne4 Bxa3 64. Qe5+ Kg8 65. Nf6+ Kg7 66. Ng4+ Kg8 67. Nf6+ Kg7 
68. Nd5+ Kh7 69. Nf6+ Kg7 1/2-1/2

[Event "Tuesday 17 April Rapid Engine Tour 12+1 Rounds 9 Starts 1600ST"]
[Site "Infinity Chess"]
[Date "2018.4.17"]
[Round "5"]
[White "MarioDeMonti"]
[Black "HerzsjeMZ"]
[Result "1-0"]
[ECO "B75"]
[WhiteElo "2428"]
[BlackElo "2443"]
[WhiteEngine "stockfish_x64_bmi2_2018_02_18_CTG"]
[BlackEngine "S_XPrO.020418.64.POPCNT_CTG"]
[EventType "Swiss"]
[WhiteTeam ""]
[BlackTeam ""]
[PlyCount "97"]
[TimeControl "720+1"]

1. e4 c5 2. Nf3 d6 3. d4 cxd4 4. Nxd4 Nf6 5. Nc3 g6 6. Be3 Bg7 7. f3 O-O 
8. Qd2 Nc6 9. Bc4 Bd7 10. Bb3 Na5 11. O-O-O Rb8 12. Bh6 Bxh6 13. Qxh6 b5 
14. Nd5 e5 15. Nf5 Nxb3+ 16. axb3 Bxf5 17. exf5 Nxd5 18. Rxd5 Rb6 19. g4 Qf6 
20. Kb1 Rc8 21. Rhd1 b4 22. h4 Rbc6 23. R1d2 Qg7 24. Qe3 Qf6 25. Qh6 Qg7 
26. Qe3 Qf6 27. fxg6 hxg6 28. h5 Kg7 29. hxg6 Kxg6 30. g5 Qf5 31. Rxd6+ Rxd6 
32. Rxd6+ Kg7 33. Qe4 Qxe4 34. fxe4 Rb8 35. Kc1 Rh8 36. Rd5 Re8 37. Rd7 a6 
38. Rd6 Rh8 39. Kd2 a5 40. Rd5 Re8 41. Rxa5 Kg6 42. Rb5 Kxg5 43. Ke3 f5 
44. exf5 Kxf5 45. Rxb4 Rh8 46. Rc4 Rh3+ 47. Kf2 Ke6 48. b4 Kd5 49. Rc8 1-0

[Event "Tuesday 17 April Rapid Engine Tour 12+1 Rounds 9 Starts 1600ST"]
[Site "Infinity Chess"]
[Date "2018.4.17"]
[Round "5"]
[White "SkyPilot"]
[Black "Katzenmaier"]
[Result "1/2-1/2"]
[ECO "C50"]
[WhiteElo "2472"]
[BlackElo "2495"]
[WhiteEngine "stockfish_x64_bmi2_2018_04_07_CTG"]
[BlackEngine "Raubfisch X38a."]
[EventType "Swiss"]
[WhiteTeam ""]
[BlackTeam ""]
[PlyCount "92"]
[TimeControl "720+1"]

1. e4 e5 2. Nf3 Nc6 3. Bc4 Bc5 4. O-O Nf6 5. d3 d6 6. c3 O-O 7. h3 a6 8. Re1 Ba7 
9. a4 h6 10. Nbd2 Nh5 11. Nf1 Qf6 12. Ne3 Nf4 13. Ng4 Qg6 14. Bxf4 exf4 
15. d4 Bxg4 16. hxg4 Qxg4 17. a5 Rae8 18. b4 Ne7 19. b5 axb5 20. Bxb5 Rb8 
21. e5 d5 22. e6 f6 23. Rb1 Rfd8 24. Be2 Qf5 25. Bd3 Qg4 26. Bc2 g6 27. Qd3 h5 
28. c4 dxc4 29. Qxc4 c6 30. Rb3 h4 31. Reb1 h3 32. Qf1 Bxd4 33. Nxd4 Rxd4 
34. Rxb7 Rxb7 35. Rxb7 Rd2 36. a6 Rxc2 37. a7 Ra2 38. Rxe7 Ra1 39. Kh2 hxg2 
40. Qxa1 g1=Q+ 41. Qxg1 Qh5+ 42. Kg2 Qg4+ 43. Kf1 Qd1+ 44. Kg2 Qg4+ 45. Kf1 Qd1+ 
46. Kg2 Qg4+ 1/2-1/2

[Event "Tuesday 17 April Rapid Engine Tour 12+1 Rounds 9 Starts 1600ST"]
[Site "Infinity Chess"]
[Date "2018.4.17"]
[Round "5"]
[White "OlivierEvan"]
[Black "Marsell"]
[Result "0-1"]
[ECO "C56"]
[WhiteElo "2362"]
[BlackElo "2455"]
[WhiteEngine "Houdini 6"]
[BlackEngine "BrainFish_180408_x64_bmi2"]
[EventType "Swiss"]
[WhiteTeam ""]
[BlackTeam ""]
[PlyCount "198"]
[TimeControl "720+1"]

1. e4 e5 2. Nf3 Nc6 3. Bc4 Nf6 4. d4 exd4 5. e5 d5 6. Bb5 Ne4 7. Nxd4 Bd7 
8. Bxc6 bxc6 9. O-O Be7 10. f3 Nc5 11. f4 O-O 12. f5 Ne4 13. Nc3 Bc5 
14. Nxe4 dxe4 15. Kh1 Re8 16. b4 Bxb4 17. Bb2 Rxe5 18. Nxc6 Bxc6 19. Bxe5 Bd2 
20. Qg4 Qf8 21. Bxc7 Qc5 22. Bg3 e3 23. c4 Re8 24. f6 g6 25. Qe2 h5 26. Rab1 Qd4 
27. h3 Be4 28. Rb3 a5 29. Rf4 Bb4 30. Rf1 Bc3 31. Rd1 Qxf6 32. Rb8 Rxb8 
33. Bxb8 Bd4 34. Rf1 Qe7 35. Bg3 Bc6 36. h4 Bc5 37. Kh2 a4 38. Re1 f5 
39. Qf1 Bd6 40. Bxd6 Qxd6+ 41. g3 Qd2+ 42. Re2 Qd3 43. Kg1 Kf7 44. a3 Qe4 
45. Qg2 Qxc4 46. Rc2 Qd4 47. Qe2 Bd5 48. Rc7+ Kf8 49. Rd7 Qa1+ 50. Qf1 Qa2 
51. Rc7 Qd2 52. Rc1 Bc6 53. Rd1 Qc2 54. Rc1 Qe4 55. Kh2 Bb7 56. Qg1 Kg8 
57. Qf1 Bd5 58. Rc8+ Kf7 59. Rc1 Kg8 60. Rc8+ Kg7 61. Rc7+ Kf8 62. Rc8+ Kg7 
63. Rc7+ Kf8 64. Rc8+ Ke7 65. Rc7+ Kd8 66. Rc5 g5 67. Qg1 gxh4 68. Rxd5+ Qxd5 
69. Qxe3 hxg3+ 70. Qxg3 Kd7 71. Qg7+ Kc6 72. Qa7 Qe5+ 73. Kh3 Qe4 74. Qa6+ Kd7 
75. Kh2 h4 76. Qf6 Qf4+ 77. Kh1 h3 78. Qg7+ Ke6 79. Qg8+ Kf6 80. Qd8+ Kg6 
81. Qe8+ Kg5 82. Qd8+ Kh5 83. Qe8+ Kg4 84. Qg8+ Kf3 85. Qg7 Qd2 86. Qb7+ Ke2 
87. Qb5+ Qd3 88. Qb2+ Kf3 89. Kh2 Qe2+ 90. Qxe2+ Kxe2 91. Kg3 f4+ 92. Kh2 f3 
93. Kg3 f2 94. Kxh3 f1=Q+ 95. Kg4 Qf6 96. Kh5 Qe6 97. Kg5 Kf3 98. Kh5 Kf4 
99. Kh4 Qg4# 0-1